AoeStats
← Infadel

Arabia

508058737Analyzed
1v1 RM · 13d ago on Sep 20, 2026· 22m 33s· 2 players
Game mode
Random Map
Map size
Tiny (2 player)
Population
200
Speed
Normal
Resources
Standard
Victory
Conquest
Starting age
Dark Age
Ending age
Imperial Age
RankedLock teamsTeams togetherTeam positionsShared explorationLock speedFull tech treeHidden civsTurbo modeCheats
Victory
Defeat
🇮🇳 Britons · India
1051
+15
🇩🇪 Ethiopians · Germany
1028
-15
Rackl Peter
8:03 Loom
10:46 Feudal Age
13:53 Double-Bit Axe
22:01 Castle Age
21:53 Fletching
Infadel
7:28 Loom
9:32 Feudal Age
10:26 Double-Bit Axe
14:34 Horse Collar
21:03 Castle Age
20:16 Fletching
20:37 Forging
22:23 Elite Skirmisher
Connection lost

Rejoining the realm…

Still unreachable

The connection could not be restored.

Session expired

The server has moved on; the page needs a fresh start.